 Dungeon Crawl Stone Soup version 0.19-a0-965-g50bf062 (webtiles) character file.

2293 mahrnol the Covert (level 9, -9/33 (39) HPs)
             Began as a Spriggan Enchanter on July 12, 2016.
             Was an Initiate of Ashenzari.
             Killed by divine providence
             ... invoked by an orc priest
              (13 damage)
             ... on level 7 of the Dungeon.
             The game lasted 00:46:09 (8422 turns).

mahrnol the Covert (Spriggan Enchanter)             Turns: 8422, Time: 00:46:09

HP:   -9/33 (39)    AC:  2    Str:  4    XL:     9   Next: 17%
MP:   9/19          EV: 24    Int: 17    God:    Ashenzari [......]
Gold: 326           SH:  2    Dex: 19    Spells: 3 memorised, 14 levels left

rFire  . . .     SeeInvis +     a - +1 dagger
rCold  . . .     Gourm    .     G - +0 robe (curse)
rNeg   . . .     Faith    .     (shield restricted)
rPois  .         Spirit   .     (helmet restricted)
rElec  .         Dismiss  .     (no cloak)
rCorr  .         Reflect  +     (gloves unavailable)
SustAt .         Harm     .     (boots unavailable)
MR     +....                    w - +2 amulet of reflection (curse)
Stlth  ++++++....               x - +3 ring of evasion (curse)
                                s - ring of see invisible

@: slowed, quick, somewhat resistant to hostile enchantments, very stealthy
A: unfitting armour, see invisible, herbivore 3, speed 3, slow metabolism 2
a: Curse Item, Renounce Religion


You were on level 7 of the Dungeon.
You worshipped Ashenzari.
Ashenzari was noncommittal.
You were full.

You visited 2 branches of the dungeon, and saw 8 of its levels.

You collected 353 gold pieces.
You spent 27 gold pieces at shops.

Inventory:

Hand Weapons
 a - a +1 dagger (weapon)
 q - a +0 shortbow
 v - a +0 hunting sling
 L - a +2 shortbow of velocity
Missiles
 e - 233 stones (quivered)
 n - 5 needles of sleeping
 o - 89 arrows
 t - 10 tomahawks
 y - 13 sling bullets
 D - a throwing net
 I - 17 bolts
Armour
 b - a +1 robe
 G - a cursed +0 robe (worn)
 K - a +2 robe of the Archmagi
Jewellery
 s - a ring of see invisible (left hand)
 w - a cursed +2 amulet of reflection (around neck)
 x - a cursed +3 ring of evasion (right hand)
Wands
 k - a wand of confusion (11/48)
 m - a wand of paralysis (13/24)
 A - a wand of acid (10/15)
 C - a wand of lightning (7/15)
 F - a wand of acid (10/15)
 O - a wand of slowing (37/48)
 P - a wand of slowing (37/48)
Scrolls
 g - 10 scrolls of identify
 j - 2 scrolls of enchant weapon {unknown}
 p - a scroll of recharging {unknown}
 H - a scroll of fog {unknown}
 M - 2 scrolls of remove curse
 Q - a scroll of teleportation {unknown}
Potions
 f - a potion of haste {unknown}
 h - a potion of mutation {unknown}
 i - 2 potions of resistance
 l - 5 potions of curing {unknown}
 r - a potion of berserk rage {unknown}
 u - a potion of degeneration {unknown}
 z - a potion of cure mutation {unknown}
 B - a potion of lignification {unknown}
 E - 2 potions of flight {unknown}
 J - a potion of magic {unknown}
Books
 c - a book of Maledictions

   Spells                             Type                      Level
   a - Corona                         Hexes                        1
   b - Ensorcelled Hibernation        Hexes/Ice                    2
   c - Confuse                        Hexes                        3
   d - Tukima's Dance                 Hexes                        3
   e - Dazzling Spray                 Conjuration/Hexes            3
 R - a book of Misfortune

   Spells                             Type                      Level
   a - Confusing Touch                Hexes                        1
   b - Confuse                        Hexes                        3
   c - Gell's Gravitas                Hexes/Translocation          3
   d - Petrify                        Transmutation/Earth          4
   e - Metabolic Englaciation         Hexes/Ice                    5
   f - Yara's Violent Unravelling     Hexes/Transmutation          5
Comestibles
 d - 4 bread rations
 N - a royal jelly


   Skills:
 + Level 4.2 Short Blades
 + Level 4.7 Dodging
 * Level 13.3 Stealth
 + Level 6.3 Spellcasting
 + Level 6.1 Hexes
 + Level 2.9 Ice Magic


You had 14 spell levels left.
You knew the following spells:

 Your Spells              Type           Power        Failure   Level  Hunger
a - Corona                Hex            ####...      1%          1    None
b - Ensorcelled Hibernat  Hex/Ice        ###...       2%          2    None
c - Tukima's Dance        Hex            ####....     3%          3    ##.....


Dungeon Overview and Level Annotations

Branches:
Dungeon (7/15)             Temple (1/1) D:6

Altars:
Ashenzari
Cheibriados
Dithmenos
Elyvilon
Fedhas
Gozag
Hepliaklqana
Makhleb
Nemelex Xobeh
Okawaru
Pakellas
Qazlal
Ru
Trog
Uskayaw
Vehumet
Xom
Yredelemnul
Zin
The Shining One

Shops:
D:5 *   D:7 :


Innate Abilities, Weirdness & Mutations

You are tiny and cannot use many weapons and most armour.
You have supernaturally acute eyesight. (SInv)
You are a herbivore.
You cover ground extremely quickly.
You need consume almost no food.


Message History

Aim: an orc wizard, wielding a dagger of electrocution and wearing a glowing robe (fast, chance to defeat MR: 50%)
The orc wizard resists with almost no effort.
The orc wizard hits you but does no damage.
Casting: Ensorcelled Hibernation
Confirm with . or Enter, or press ? or * to list all spells.
Aiming: Ensorcelled Hibernation
Press: ? - help, Shift-Dir - straight line, f/p - orc wizard
Aim: an orc wizard, wielding a dagger of electrocution and wearing a glowing robe (fast, chance to defeat MR: 50%)
The orc wizard resists with almost no effort.
The orc wizard casts a spell at you. The magic dart hits you!
* * * LOW HITPOINT WARNING * * *
The orc wizard points at you and mumbles some strange words.
The magic dart hits you!
* * * LOW HITPOINT WARNING * * *
The orc priest invokes the aid of Beogh against you.
You resist with some effort.
The orc priest invokes the aid of Beogh against you.
Beogh smites you!
You die...

#.#########
#.....)..∩#
#########.#
####.#######
#...o.......
#.##o####### ..
#.# ## #@# #.##
#..########
#.#.......#
#......<..#
#########.######.#
..........# .#
...######## .# .#


You could see an orc priest and an orc wizard.

Vanquished Creatures
  3 yaks (D:4)
  Duvessa (D:6)
  2 orc warriors
  2 sky beasts
  A phantom (D:5)
  A necrophage (D:6)
  An ogre (D:6)
  2 centaurs
  3 giant frogs
  A gnoll sergeant (D:6)
  Dowan (D:6)
  A scorpion (D:5)
  3 hounds
  A giant frog skeleton (D:5)
  An iguana (D:4)
  A centaur skeleton (D:4)
  3 orc wizards
  3 worker ants
  2 hound zombies (D:5)
  12 gnolls
  7 adders
  4 oozes
  An adder zombie (D:5)
  4 worms
  4 dart slugs
  3 giant geckos
  14 orcs
  A ball python (D:4)
  6 bats
  A giant cockroach (D:3)
  6 goblins
  8 hobgoblins
  8 kobolds
  A quokka (D:5)
  2 giant gecko skeletons
  7 giant newts
  A jackal skeleton (D:6)
  A quokka skeleton (D:5)
  6 rats
130 creatures vanquished.

Vanquished Creatures (collateral kills)
  Blork the orc (D:5)
  An orc (D:3)
2 creatures vanquished.

Vanquished Creatures (others)
  3 dancing weapons
3 creatures vanquished.

Grand Total: 135 creatures vanquished

Notes
Turn   | Place    | Note
-------+----------+-------------------------------------------
     0 | D:1      | mahrnol the Spriggan Enchanter began the quest for the Orb.
     0 | D:1      | Reached XP level 1. HP: 9/9 MP: 5/5
   330 | D:1      | Found a glowing golden altar of the Shining One.
   350 | D:1      | Reached XP level 2. HP: 11/13 MP: 6/6
   356 | D:1      | Learned a level 2 spell: Ensorcelled Hibernation
   522 | D:1      | Reached skill level 5 in Stealth
  1170 | D:2      | Reached XP level 3. HP: 16/16 MP: 1/8
  1431 | D:2      | Learned a level 3 spell: Tukima's Dance
  1832 | D:2      | Found an opulent altar of Gozag.
  2329 | D:3      | Noticed a sky beast
  2337 | D:3      | Killed a sky beast
  2337 | D:3      | Reached skill level 7 in Stealth
  2337 | D:3      | Reached XP level 4. HP: 21/21 MP: 6/10
  2337 | D:3      | Reached XP level 5. HP: 24/24 MP: 6/11
  2513 | D:3      | Noticed a centaur
  2929 | D:3      | Killed a centaur
  2929 | D:3      | Reached skill level 8 in Stealth
  2929 | D:3      | Reached skill level 1 in Ice Magic
  2929 | D:3      | Reached XP level 6. HP: 20/28 MP: 0/12
  4344 | D:4      | Found a basalt altar of Yredelemnul.
  4344 | D:4      | Noticed a yak
  4344 | D:4      | Noticed a yak
  4345 | D:4      | Noticed a yak
  4346 | D:4      | Noticed a profane servitor
  4347 | D:4      | Killed a yak
  4347 | D:4      | Reached skill level 9 in Stealth
  4347 | D:4      | Reached XP level 7. HP: 32/32 MP: 14/14
  4847 | D:5      | Entered Level 5 of the Dungeon
  4870 | D:5      | Found Akip's General Store.
  4946 | D:5      | Bought a cursed +0 robe for 1 gold piece
  5177 | D:5      | Bought a scroll of identify for 26 gold pieces
  5314 | D:5      | Reached skill level 10 in Stealth
  5340 | D:5      | Noticed Blork the orc
  5478 | D:4      | Reached skill level 5 in Hexes
  5484 | D:4      | Killed a yak
  5486 | D:4      | Killed a yak
  5486 | D:4      | Reached XP level 8. HP: 36/36 MP: 5/16
  5507 | D:4      | Reached skill level 11 in Stealth
  5609 | D:4      | Found a glowing golden altar of the Shining One.
  5651 | D:4      | Noticed an angel
  5896 | D:5      | Killed Blork the orc
  5896 | D:5      | Reached skill level 5 in Spellcasting
  6058 | D:5      | Found a bloodstained altar of Trog.
  6059 | D:5      | Found a hide-covered altar of Uskayaw.
  6060 | D:5      | Found a shattered altar of Ashenzari.
  6104 | D:5      | Became a worshipper of Ashenzari the Shackled
  6204 | D:5      | Found a burning altar of Makhleb.
  6205 | D:5      | Found a sacrificial altar of Ru.
  6530 | D:6      | Found a staircase to the Ecumenical Temple.
  6545 | D:6      | Reached skill level 12 in Stealth
  6561 | Temple   | Entered the Ecumenical Temple
  6798 | D:6      | Noticed Dowan
  6802 | D:6      | Noticed Duvessa
  6806 | D:6      | Killed Dowan
  7039 | D:6      | Killed Duvessa
  7531 | D:6      | Reached XP level 9. HP: 8/35 MP: 6/19
  7814 | D:6      | Reached skill level 13 in Stealth
  8090 | D:6      | Found a stormy altar of Qazlal.
  8398 | D:7      | Found Zasif's Book Shop.
  8422 | D:7      | Killed from afar by an orc priest

Vault maps used:
D:1:      dpeg_arrival_leaves_temple_mockup, tso_altar
D:2:      grunt_gozag_statues
D:3:      kennysheep_six_static_rooms, first_bread, minmay_misc_feat_diagonals,
          grunt_ministairs_2
D:4:      grunt_temple_overflow_holy_war
D:5:      gammafunk_temple_overflow_claw, gammafunk_temple_overflow_statue,
          serial_shops, nicolae_shop_crystal, uniq_blork_the_orc
D:6:      nicolae_qazlal_eye_of_the_storm, uniq_duvessa
D:7:      serial_shops, shop, nicolae_shop_window_shopping,
          nicolae_shop_statue_plus, nicolae_shop_waterfront, shop,
          johnstein_pakellas_dig
Temple:   nicolae_temple_figure_eight

Skill      XL: |  1  2  3  4  5  6  7  8  9 |
---------------+----------------------------+-----
Spellcasting   | 3 4 6 |  6.3
Stealth        | 5 7 8 9 10 12 13 | 13.3
Hexes          | 4 5 6 |  6.1
Short Blades   | 2 3 4 |  4.2
Ice Magic      | 1 2 |  2.9
Dodging        | 4 |  4.7

Action                   |  1- 3 |  4- 6 |  7- 9 || total
-------------------------+-------+-------+-------++-------
Melee: Dagger            |    96 |    86 |   249 ||   431
 Cast: Ensorcelled Hiber |    18 |    33 |    81 ||   132
       Tukima's Dance    |     2 |     2 |     7 ||    11
       Corona            |       |       |     9 ||     9
Invok: Curse Item        |       |       |     2 ||     2
 Stab: Sleeping          |    26 |    26 |    45 ||    97
       Distracted        |       |       |     5 ||     5
  Eat: Bread ration      |       |     1 |     1 ||     2
       Pizza             |       |       |     1 ||     1
Armor: Robe              |     9 |    26 |    11 ||    46
Dodge: Dodged            |    65 |    95 |   179 ||   339
Block: Other             |       |     2 |    10 ||    12
